 Dungeon Crawl Stone Soup version 0.28.0-45-g0d030f2227 (webtiles) character file.

Game seed: 15515123396907781874

16 NinjaNoafa the Magician (level 2, -2/22 HPs)
             Began as a Djinni Hedge Wizard on Apr 17, 2022.
             Slain by a quokka (3 damage)
             ... on level 1 of the Dungeon.
             The game lasted 00:03:14 (1026 turns).

NinjaNoafa the Magician (Djinni Hedge Wizard)       Turns: 1026, Time: 00:03:14

Health: -2/22      AC:  2    Str:  9    XL:     2   Next: 70%
Gold:   34         EV: 12    Int: 15    God:
                   SH:  0    Dex: 12

rFire   + + .      SeeInvis .   g - +0 short sword
rCold   x . .      Faith    .   (no shield)
rNeg    . . .      Spirit   .   h - +0 robe
rPois   ∞          Reflect  .   c - +0 hat
rElec   .          Harm     .   (no cloak)
rCorr   .          Rampage  .   (no gloves)
Will    .....                   (boots unavailable)
Stlth   ++........              (no amulet)
HPRegen 0.07/turn               (no ring)
MPRegen 0.00/turn               (no ring)

@: flying
A: sickness immunity, fire resistance 2, cold vulnerability 1, float, innate
caster, HP casting, extra vitality 1
a: no special abilities


You were on level 1 of the Dungeon.
You visited 1 branch of the dungeon, and saw 1 of its levels.

You collected 34 gold pieces.

Inventory:

Hand Weapons
 a - a +0 dagger
 g - a +0 short sword (weapon)
Armour
 b - a +0 robe
 c - a +0 hat (worn)
 h - a +0 robe (worn)
Jewellery
 f - an amulet of magic regeneration


   Skills:
 + Level 0.6 Fighting
 + Level 2.4 Dodging
 + Level 1.8 Stealth
 * Level 2.6 Spellcasting


You couldn't memorise any spells.
You knew the following spells:

 Your Spells              Type           Power      Damage    Failure   Level
a - Magic Dart            Conj           40%        1d5       7%          1
b - Blink                 Tloc           20%        N/A       11%         2
c - Call Imp              Summ           10%        N/A       11%         2
d - Slow                  Hex            40%        N/A       7%          1
e - Conjure Flame         Conj/Fire      10%        6-21      21%         3
f - Mephitic Cloud        Conj/Pois/Air  10%        N/A       21%         3
Your spell library was empty.

Dungeon Overview and Level Annotations

Branches:
Dungeon (1/15)

Altars:


Innate Abilities, Weirdness & Mutations

You are immune to sickness and miasma.
You are immune to poison.
Your flesh is very heat resistant. (rF++)
You are vulnerable to cold. (rC-)
You float through the air rather than walking.
You learn spells naturally, not from books.
Your magical power is your life essence.
You have superior vitality. (+4 MHP)


Message History

The quokka bites you.
* * * LOW HITPOINT WARNING * * *
There is a stone staircase leading down here.
The quokka closely misses you.
It was a potion of haste.
You feel yourself speed up. The quokka bites you.
* * * LOW HITPOINT WARNING * * *
The quokka barely misses you.
It was a potion of invisibility.
You fade into invisibility!
There is an open door here.
You are too injured to fight recklessly!
Casting: Magic Dart (safe; 7% risk of failure)
Confirm with . or Enter, or press ? or * to list all spells.
Aiming: Magic Dart (safe; 7% risk of failure)
Press: ? - help, Shift-Dir - straight line, f/p - quokka
Aim: a quokka (wandering, hasn't noticed you, 100% to hit)
The magic dart hits the quokka but does no damage.
* * * LOW HITPOINT WARNING * * *
You don't have enough health to cast this spell.
Casting: Magic Dart (safe; 7% risk of failure)
Confirm with . or Enter, or press ? or * to list all spells.
Aiming: Magic Dart (safe; 7% risk of failure)
Press: ? - help, Shift-Dir - straight line, f/p - quokka
Aim: a quokka (wandering, hasn't noticed you, 100% to hit)
The magic dart hits the quokka but does no damage.
* * * LOW HITPOINT WARNING * * *
You flicker for a moment.
Casting: Magic Dart (safe; 7% risk of failure)
Confirm with . or Enter, or press ? or * to list all spells.
Aiming: Magic Dart (safe; 7% risk of failure)
Press: ? - help, Shift-Dir - straight line, f/p - quokka
Aim: a quokka (wandering, hasn't noticed you, 100% to hit)
The magic dart hits the quokka.
The quokka is heavily wounded.
* * * LOW HITPOINT WARNING * * *
Your extra speed is starting to run out.
You flicker back into view.
You feel yourself slow down. The quokka bites you.
You die...

#.# #.# #...##.##.....##
#.######.#####...#...........
#.#..........#...#..##.###.##
#.'..........#...#.........#
###.>..).....+...#.######..#
#...........#...#.# #..#
##########.........'.# #..#
#.............r....### #J.#
#......)......@....# ####..##
#...............#### #.......
#...^......####.# ####..##
#....:.....# #.# #..#
####.....### #.# #..##
#........# #.# #....
#........# #.# #####.###
#........# #.# #........
#........# #.# #.###..##


You could see a quokka.

Vanquished Creatures
  2 endoplasms (D:1)
  A giant cockroach (D:1)
  4 ball pythons (D:1)
  2 bats (D:1)
  A frilled lizard (D:1)
  A goblin (D:1)
  4 kobolds (D:1)
15 creatures vanquished.

Notes
Turn   | Place    | Note
-------+----------+-------------------------------------------
     0 | D:1      | NinjaNoafa the Djinni Hedge Wizard began the quest for the
                  | Orb.
     0 | D:1      | Reached XP level 1. HP: 15/15 MP: 0/0
   272 | D:1      | Reached XP level 2. HP: 16/22 MP: 0/0
   969 | D:1      | HP: 1/22 [quokka (4)]
  1026 | D:1      | Slain by a quokka

Illustrated notes

Levels and vault maps discovered:
D:1:      nicolae_arrival_memento_mori, layout_basic, chequers_avenue

Action                   || total
-------------------------++-------
Melee: Short sword       ||    17
       Punch             ||     1
 Cast: Magic Dart        ||    27
  Use: Potion            ||     2
Armor: Robe              ||     7
Dodge: Dodged            ||    29
